 Dungeon Crawl Stone Soup version 0.17-a0-1301-ga863c44 (webtiles) character file.

263 kidanger the Grave Robber (level 5, -1/35 HPs)
             Began as a Mummy Necromancer on June 7, 2015.
             Slain by a sixfirhy (10 damage)
             ... summoned by a kobold demonologist
             ... on level 2 of the Dungeon.
             The game lasted 00:21:06 (16525 turns).

kidanger the Grave Robber (Mummy Necromancer)      Turns: 16525, Time: 00:21:06

Health: -1/35      AC:  2    Str: 11    XL:     5   Next: 97%
Magic:  1/10       EV: 12    Int: 16    God:
Gold:   98         SH:  0    Dex: 12    Spells: 4 memorised, 2 levels left

rFire  x . .     SeeInvis .     (no weapon)
rCold  + . .     Clarity  .     a - +0 robe
rNeg   + + +     SustAt   .     (no shield)
rPois  ∞         Gourm    .     (no helmet)
rElec  .         Spirit   .     (no cloak)
rCorr  .         Warding  .     (no gloves)
rMut   .         Stasis   .     (no boots)
MR     .....                    h - amulet of faith
Stlth  ++........               f - +1 ring of slaying
                                e - ring of wizardry

@: not resistant to hostile enchantments, unstealthy
A: no food or potions, fire vulnerability, cold resistance 1, negative energy
resistance 3, torment resistance, unbreathing
a: no special abilities


You were on level 2 of the Dungeon.
You were not hungry.

You visited 1 branch of the dungeon, and saw 2 of its levels.

You collected 98 gold pieces.

Inventory:

Armour
 a - a +0 robe (worn)
Jewellery
 e - a ring of wizardry (left hand)
 f - a +1 ring of slaying (right hand)
 h - an amulet of faith (around neck)
Scrolls
 c - a scroll of identify
 d - a scroll of amnesia
Books
 b - a book of Necromancy

   Spells                             Type                      Level
   a - Pain                           Necromancy                   1
   b - Animate Skeleton               Necromancy                   1
   c - Vampiric Draining              Necromancy                   3
   d - Regeneration                   Charms/Necromancy            3
   e - Animate Dead                   Necromancy                   4
   f - Control Undead                 Necromancy                   4
 i - a Fen Folio

   Spells                             Type                      Level
   a - Corpse Rot                     Necromancy                   2
   b - Stone Arrow                    Conjuration/Earth            3
   c - Leda's Liquefaction            Hexes/Earth                  4
   d - Summon Forest                  Summoning/Translocation      5
   e - Hydra Form                     Transmutation                6
   f - Summon Hydra                   Summoning                    7


   Skills:
 + Level 0.2 Fighting
 + Level 2.0 Dodging
 + Level 2.1 Stealth
 + Level 0.4 Unarmed Combat
 + Level 3.8 Spellcasting
 + Level 5.6 Necromancy


You had 2 spell levels left.
You knew the following spells:

 Your Spells              Type           Power        Failure   Level  Hunger
a - Pain                  Necr           ###.         1%          1    N/A
b - Animate Skeleton      Necr           N/A          1%          1    N/A
c - Animate Dead          Necr           N/A          7%          4    N/A
d - Vampiric Draining     Necr           ###.......   2%          3    N/A

Dungeon Overview and Level Annotations

Branches:
Dungeon (2/15)

Altars:
Sif Muna


Innate Abilities, Weirdness & Mutations

You do not eat or drink.
Your flesh is vulnerable to fire.
You are immune to poison.
Your flesh is cold resistant.
You are immune to negative energy.
You are immune to unholy pain and torment.
You can survive without breathing.


Message History

The kobold demonologist is almost dead.
The kobold demonologist hits you with a dagger.
The crimson imp closely misses you. The iron imp barely misses you.
You hit the kobold demonologist.
The kobold demonologist is almost dead.
The kobold demonologist gestures wildly while chanting.
The crimson imp hits you but does no damage.
The iron imp hits you. The ufetubus hits you. The ufetubus hits you.
* * * LOW HITPOINT WARNING * * *
The kobold demonologist's eyes start to glow.
The white imp barely misses you. The ufetubus barely misses you. x2
The iron imp spits at you.
The kobold demonologist gestures wildly while chanting.
The ufetubus misses you. The ufetubus barely misses you.
The white imp disappears in a puff of smoke!
You see here a club.
The ufetubus barely misses you. The ufetubus completely misses you.
The sixfirhy hits you!
You die...

#### #.# #.# #.### #...#
##########.#
...........##
.########(..## .#
##..#..############ .##
#.5###.5)4@.......#
..#####)).#5K##########.#
........#.5>5...)...# #.#
..########)########.# #.#
.## #.# #.# #.# .# #.#
###%# #.# .# #.# #.†.#
#.# .#########.# #.###
#.# ...........# #.# #.#


You could see a kobold demonologist, a sixfirhy, an iron imp and an ufetubus.

Vanquished Creatures
  A crocodile (D:2)
  Terence (D:2)
  Robin (D:1)
  5 adders
  An ooze (D:1)
  3 worms (D:2)
  A giant gecko (D:2)
  10 bats
  4 giant cockroaches
  13 goblins
  13 hobgoblins
  2 quokkas (D:2)
  2 ball pythons
  3 giant newts (D:1)
  7 jackals
  9 kobolds
  7 rats
83 creatures vanquished.

Vanquished Creatures (collateral kills)
  A centaur skeleton (D:2)
  A giant cockroach (D:2)
  A goblin (D:2)
  A rat (D:2)
4 creatures vanquished.

Grand Total: 87 creatures vanquished

Notes
Turn   | Place    | Note
--------------------------------------------------------------
     0 | D:1      | kidanger the Mummy Necromancer began the quest for the Orb.
     0 | D:1      | Reached XP level 1. HP: 13/13 MP: 3/3
   232 | D:1      | Reached XP level 2. HP: 19/19 MP: 1/5
   254 | D:1      | Learned a level 1 spell: Animate Skeleton
  1130 | D:2      | Noticed Terence
  1155 | D:1      | Reached XP level 3. HP: 12/24 MP: 0/6
  5330 | D:1      | Noticed a sky beast
  5819 | D:2      | Killed Terence
  5819 | D:2      | Reached XP level 4. HP: 22/30 MP: 0/8
  5828 | D:2      | Learned a level 4 spell: Animate Dead
  5940 | D:2      | Found a deep blue altar of Sif Muna.
  5949 | D:2      | Your ally Terence died
  5987 | D:2      | Reached skill level 5 in Necromancy
  6292 | D:2      | Noticed Robin
  6654 | D:2      | Learned a level 3 spell: Vampiric Draining
  7220 | D:1      | Killed Robin
  7220 | D:1      | Reached XP level 5. HP: 25/35 MP: 0/9
 16505 | D:2      | Noticed a kobold demonologist
 16523 | D:2      | Noticed a sixfirhy
 16525 | D:2      | Slain by a sixfirhy

Vault maps used:
D:1:      lemuel_arrival_cross
D:2:      lemuel_blue_sif_altar, uniq_terence, uniq_robin

Action                   |  1- 3 |  4- 6 || total
-------------------------+-------+-------++-------
Melee: Unarmed           |    13 |    17 ||    30
 Cast: Pain              |    72 |   118 ||   190
       Animate Skeleton  |    13 |     4 ||    17
       Animate Dead      |       |     8 ||     8
       Vampiric Draining |       |     1 ||     1
  Use: Scroll            |     2 |     1 ||     3
